 Dungeon Crawl Stone Soup version 0.29.1-13-g9f3cf754e1 (webtiles) character file.

Game seed: 4511843124551475770

5 MisterFreud the Twirler (level 1, -1/16 HPs)
             Began as a Formicid Gladiator on Jan 28, 2023.
             Slain by a quokka (3 damage)
             ... on level 1 of the Dungeon.
             The game lasted 00:00:20 (233 turns).

MisterFreud the Twirler (Formicid Gladiator)         Turns: 233, Time: 00:00:20

Health: -1/16      AC:  3    Str: 18    XL:     1   Next: 88%
Magic:  1/1        EV: 12    Int:  7    God:
Gold:   47         SH:  0    Dex: 15    Spells: 0/0 levels left

rFire   . . .      SeeInvis +   a - +0 quarterstaff
rCold   . . .      Faith    .   (no shield)
rNeg    . . .      Spirit   .   b - +0 leather armour
rPois   .          Reflect  .   (helmet unavailable)
rElec   .          Harm     .   (no cloak)
rCorr   .          Rampage  .   (no gloves)
Will    .....                   (no boots)
Stlth   +.........              (no amulet)
HPRegen 0.05/turn               (no ring)
MPRegen 0.07/turn               (no ring)

@: no status effects
A: permanent stasis, dig shafts and tunnels, antennae 3, four strong arms
a: Dig, Shaft Self


You were on level 1 of the Dungeon.
You visited 1 branch of the dungeon, and saw 1 of its levels.

You collected 47 gold pieces.

Inventory:

Hand Weapons
 a - a +0 quarterstaff (weapon)
Missiles
 c - 3 throwing nets (quivered)
 d - a javelin
Armour
 b - a +0 leather armour (worn)
Scrolls
 f - a scroll of enchant armour {unknown}
 g - 2 scrolls of identify {unknown}
Potions
 e - a potion of curing {unknown}


   Skills:
 - Level 2.1 Fighting
 + Level 3.4 Staves
 - Level 2.0 Throwing
 - Level 2.6 Dodging


You couldn't memorise any spells.
You didn't know any spells.
Your spell library contained the following spells:

 Spells                   Type           Power      Damage    Failure   Level
 Stone Arrow              Conj/Erth      0%         3d7       86%         3
 Animate Armour           Summ/Erth      0%         N/A       99%         4
 Lehudib's Crystal Spear  Conj/Erth      0%         10d2      100%        8


Dungeon Overview and Level Annotations

Branches:
Dungeon (1/15)

Altars:


Innate Abilities, Weirdness & Mutations

You cannot be hasted, slowed, berserked, paralysed or teleported.
You can dig through walls and to a lower floor.
You have a pair of large antennae on your head. (SInv)
Your four strong arms can wield two-handed weapons with a shield.


Message History

A quokka comes into view.
Found a green potion.
A quokka is nearby!
A giant cockroach and a dart slug come into view.
There are monsters nearby!
The quokka bites you.
You miss the quokka. The quokka barely misses you. The quokka bites you.
There are monsters nearby!
You hit the quokka.
The quokka is lightly wounded.
The quokka bites you.
There are monsters nearby!
You completely miss the quokka.
The quokka is lightly wounded.
The quokka bites you but does no damage.
The quokka attacks as you move away! The quokka completely misses you.
The giant cockroach attacks as you move away!
The giant cockroach closely misses you.
Found a glowing hand axe and 5 stones.
The giant cockroach bites you. The quokka bites you.
The giant cockroach attacks as you move away!
The giant cockroach barely misses you.
Unknown command.
You are too injured to fight recklessly!
You are too injured to fight recklessly!
You are too injured to fight recklessly!
You are too injured to fight recklessly!
You hit the giant cockroach.
The giant cockroach is severely wounded.
The giant cockroach bites you but does no damage.
You hit the giant cockroach but do no damage.
The giant cockroach is heavily wounded.
The giant cockroach misses you.
The quokka bites you but does no damage.
The giant cockroach bites you. The quokka attacks as you move away!
The quokka bites you.
* * * LOW HITPOINT WARNING * * *
The quokka misses you.
Are you sure you want to shaft yourself?
The quokka bites you.
You die...

##.....### #........#
##........# #.........#
.#....†#.######
.#....##......##
(##..########..#
##.##).#### ##..
#@.##.....# ##.. ###
#r###.###.# ##...
.....#Bw....##.####..).
...!............>.......
)..................#.#..
.......?.......###...#..
...............# #.#.##.
...............#.....##.
...............#.#.#.##.


You could see a dart slug, a quokka and a giant cockroach.

Vanquished Creatures
  2 ball pythons (D:1)
  A goblin (D:1)
  A hobgoblin (D:1)
  A frilled lizard (D:1)
5 creatures vanquished.

Notes
Turn   | Place    | Note
-------+----------+-------------------------------------------
     0 | D:1      | MisterFreud the Formicid Gladiator began the quest for the
                  | Orb.
     0 | D:1      | Reached XP level 1. HP: 16/16 MP: 1/1
   233 | D:1      | Slain by a quokka

Illustrated notes

Levels and vault maps discovered:
D:1:      dpeg_arrival_snail, layout_rooms, dreamdust_ecumenical_altar_grove,
          chequers_serial_rivers_micro_c, dreamdust_princess_corridor

Action                   || total
-------------------------++-------
Melee: Quarterstaff      ||    16
 Abil: Shaft Self        ||     1
Armor: Leather armour    ||     5
Dodge: Dodged            ||    10
